Workbook
Name \0: #REF!
Name \0: #REF!
Name \a: #REF!
Name \a: #REF!
Name \b: #REF!
Name \b: #REF!
Name \c: [1]EDORES!#REF!
Name \c: [1]EDORES!#REF!
Name \e: [1]EDORES!$A$48
Name \g: #REF!
Name \g: #REF!
Name \h: [1]EDORES!$A$46
Name \m: #REF!
Name \m: #REF!
Name \s: #REF!
Name \s: #REF!
Name \w: #REF!
Name \w: #REF!
Name _1: [2]REPBOC98!#REF!
Name _1: [2]REPBOC98!#REF!
Name _2: #N/A
Name _Bal03: #REF!
Name _Bal03: #REF!
Name _nov99: '[6]EDO COSTOS'!#REF!
Name _nov99: '[6]EDO COSTOS'!#REF!
Name _Uni03: #REF!
Name _Uni03: #REF!
Name A: [1]EDORES!#REF!
Name A: [1]EDORES!#REF!
Name Aacum: #REF!
Name Aacum: #REF!
Name ABRIL: #REF!
Name ABRIL: #REF!
Name actual: #REF!
Name actual: #REF!
Name AGOSTO: #REF!
Name AGOSTO: #REF!
Name Amen: #REF!
Name Amen: #REF!
Name ApasAct: #REF!
Name ApasAct: #REF!
Name ApasAcumAnt: #REF!
Name ApasAcumAnt: #REF!
Name ApasAnt: #REF!
Name ApasAnt: #REF!
Name ASDE: #REF!
Name ASDE: #REF!
Name B: #REF!
Name B: #REF!
Name Bal_Uni: #REF!
Name Bal_Uni: #REF!
Name BalApaAct: #REF!
Name BalApaAct: #REF!
Name BalApaAnt: #REF!
Name BalApaAnt: #REF!
Name bocarrecibida: [7]Bocar!#REF!
Name bocarrecibida: [7]Bocar!#REF!
Name bocarrecibir: [7]Bocar!#REF!
Name bocarrecibir: [7]Bocar!#REF!
Name borrar: '[4]Cálculo Depreciación'!#REF!

Sheet Analisis de evolucion del ingre
A2: MUNICIPIO DE CHIHUAHUA
A3: TESORERIA
A4: ANALISIS DE EVOLUCION DEL INGRESO 2016
A5: CUARTO TRIMESTRE 2016
B7: OCTUBRE | C7: NOVIEMBRE | D7: DICIEMBRE | E7: TOTAL TRIMESTRAL | F7: ACUMULADO ANUAL | G7: LEY DE INGRESOS 2016 | H7: AVANCE ANUAL
A8: Predial | B8: 8538642.2 | C8: 12820193 | D8: 50228357 | E8: =SUM(B8:D8) -> 71587192 | F8: 6.6189723e+08 | G8: 5.1304418e+08 | H8: =+F8/G8 -> 1.2901369
A9: Traslación de Dominio de Bienes Inmuebles | B9: 17235384 | C9: 18229368 | D9: 18164898 | E9: =SUM(B9:D9) -> 53629650 | F9: 2.4147414e+08 | G9: 1.8328856e+08 | H9: =+F9/G9 -> 1.3174534
A10: Espectáculos Públicos | B10: 455426 | C10: 389980 | D10: 346412 | E10: =SUM(B10:D10) -> 1191818 | F10: 4807563.1 | G10: 3416027.7 | H10: =+F10/G10 -> 1.4073548
A11: Multas | B11: 723038.94 | C11: 581075.93 | D11: 1103579 | E11: =SUM(B11:D11) -> 2407693.9 | F11: 10196058 | G11: 7323552.1 | H11: =+F11/G11 -> 1.3922285
A12: Recargos | B12: 1360691.8 | C12: 770467.66 | D12: 2619749.4 | E12: =SUM(B12:D12) -> 4750908.8 | F12: 22195825 | G12: 19891295 | H12: =+F12/G12 -> 1.1158562
A13: Actos de Ejecución | B13: 119657.19 | C13: 347055.15 | D13: 1258228.3 | E13: =SUM(B13:D13) -> 1724940.6 | F13: 5737693.3 | G13: 5265387.9 | H13: =+F13/G13 -> 1.0897
A14: TOTAL IMPUESTOS Y CONTRIBUCIONES | B14: =SUM(B8:B13) -> 28432840 | C14: =SUM(C8:C13) -> 33138140 | D14: =SUM(D8:D13) -> 73721224 | E14: =SUM(E8:E13) -> 1.352922e+08 | F14: 9.4630851e+08 | G14: =SUM(G8:G13) -> 7.32229e+08 | H14: =F14/G14 -> 1.2923669
A15: Universitario | B15: 1008805.3 | C15: 1215239.5 | D15: 2577646.1 | E15: =SUM(B15:D15) -> 4801690.9 | F15: 35213105 | G15: 27853310 | H15: =+F15/G15 -> 1.2642342
A16: Contribuciones Especiales | B16: 104894.36 | C16: 143035.49 | D16: 388050.88 | E16: =SUM(B16:D16) -> 635980.73 | F16: 9001949.5 | G16: 6974078.9 | H16: =+F16/G16 -> 1.2907725
A17: Infraestructura y Equipamiento | B17: 3950 | C17: 18350 | D17: 49900 | E17: =SUM(B17:D17) -> 72200 | F17: 395700 | G17: 0 | H17: 0
A18: CONTRIBUCIONES DE MEJORAS | B18: =SUM(B15:B17) -> 1117649.7 | C18: =SUM(C15:C17) -> 1376625 | D18: =SUM(D15:D17) -> 3015597 | E18: =SUM(E15:E17) -> 5509871.6 | F18: 44610755 | G18: =SUM(G15:G17) -> 34827388 | H18: =+F18/G18 -> 1.2809101
A19: Mercados y Centrales de Abastos | B19: 13715.37 | C19: 4251.81 | D19: 11515.46 | E19: =SUM(B19:D19) -> 29482.64 | F19: 378505.54 | G19: 283526.49 | H19: =+F19/G19 -> 1.3349918
A20: Arrendamiento de Bienes | B20: 155493.04 | C20: 71894.17 | D20: 102612.96 | E20: =SUM(B20:D20) -> 330000.17 | F20: 452506.84 | G20: 469617.68 | H20: =+F20/G20 -> 0.96356432
A21: Cementerios | B21: 120077.82 | C21: 142354.97 | D21: 153383.4 | E21: =SUM(B21:D21) -> 415816.19 | F21: 1830371.6 | G21: 1725144.1 | H21: =+F21/G21 -> 1.0609964
A22: Permisos Ganaderos | B22: 103293.14 | C22: 160127.04 | D22: 102892.98 | E22: =SUM(B22:D22) -> 366313.16 | F22: 1413120.6 | G22: 638998.58 | H22: =+F22/G22 -> 2.2114612
A23: Permisos de Obras Públicas | B23: 6321134 | C23: 5060619.6 | D23: 4442421.2 | E23: =SUM(B23:D23) -> 15824175 | F23: 72351465 | G23: 60841881 | H23: =+F23/G23 -> 1.1891721
A24: Legalizacion de Firmas y Certificados | B24: 638327.73 | C24: 539953.39 | D24: 450528.73 | E24: =SUM(B24:D24) -> 1628809.9 | F24: 8912800.4 | G24: 7830800 | H24: =+F24/G24 -> 1.1381724
A25: Permisos de Gobernación | B25: 1911815.6 | C25: 886157.42 | D25: 1048364.1 | E25: =SUM(B25:D25) -> 3846337.2 | F25: 17180708 | G25: 9978445.2 | H25: =+F25/G25 -> 1.721782
A26: Aseo Urbano | B26: 1608594.4 | C26: 944050.64 | D26: 1701917.3 | E26: =SUM(B26:D26) -> 4254562.3 | F26: 19164896 | G26: 19489955 | H26: =+F26/G26 -> 0.98332167
A27: Alumbrado Público | B27: 14324021 | C27: 12089138 | D27: 12078890 | E27: =SUM(B27:D27) -> 38492049 | F27: 1.5217986e+08 | G27: 1.2330124e+08 | H27: =+F27/G27 -> 1.2342119
A28: Fijación de Anuncios y Propaganda Comercial | B28: 178290.65 | C28: 273885.41 | D28: 380786.74 | E28: =SUM(B28:D28) -> 832962.8 | F28: 2675726.1 | G28: 3071008.9 | H28: =+F28/G28 -> 0.87128568
A29: Servicios a Eventos Masivos | B29: 0 | C29: 0 | D29: 0 | E29: =SUM(B29:D29) -> 0 | F29: 584320 | G29: 0 | H29: 0
A30: Servicios Ley de Transparencia | B30: 0 | C30: 0 | D30: 0 | E30: =SUM(B30:D30) -> 0 | F30: 241.5 | G30: 8524.87 | H30: =+F30/G30 -> 0.028328878
A31: Servicios de Mantenimiento Urbano | B31: 7304 | C31: 14608 | D31: 0 | E31: =SUM(B31:D31) -> 21912 | F31: 93710.32 | G31: 26275.99 | H31: =+F31/G31 -> 3.5663859
A32: Servicios de Protección Civil | B32: 116864 | C32: 77605 | D32: 83630.8 | E32: =SUM(B32:D32) -> 278099.8 | F32: 1382426.6 | G32: 776937.93 | H32: =+F32/G32 -> 1.7793269
A33: Derechos de Operación de Máquinas de Video | B33: 146810.4 | C33: 0 | D33: 0 | E33: =SUM(B33:D33) -> 146810.4 | F33: 4394967.7 | G33: 3109633 | H33: =+F33/G33 -> 1.4133397
A34: Servicios de Vigilancia Especial | B34: 379590.76 | C34: 251242.63 | D34: 280479.23 | E34: =SUM(B34:D34) -> 911312.62 | F34: 3803055.5 | G34: 3598014.8 | H34: =+F34/G34 -> 1.0569872
A35: TOTAL DERECHOS | B35: =SUM(B19:B34) -> 26025331 | C35: =SUM(C19:C34) -> 20515888 | D35: =SUM(D19:D34) -> 20837423 | E35: =SUM(E19:E34) -> 67378643 | F35: 2.8679868e+08 | G35: =SUM(G19:G34) -> 2.3515001e+08 | H35: =F35/G35 -> 1.2196414
A36: Vigilancia Especial | B36: 0 | C36: 0 | D36: 0 | F36: 0 | G36: 0 | H36: 0
A37: Rendimientos Financieros | B37: 416300.52 | C37: 393766.91 | D37: 257006.56 | E37: =SUM(B37:D37) -> 1067074 | F37: 8188021.5 | G37: 6415068.4 | H37: =+F37/G37 -> 1.2763732
A38: Rendimientos Financieros FORTAMUN | B38: 18810.22 | C38: 23640.5 | D38: 26904.58 | E38: =SUM(B38:D38) -> 69355.3 | F38: 265190.64 | G38: 221803.98 | H38: =+F38/G38 -> 1.1956081
A39: Rendimientos Financieros FISM | B39: 26325.52 | C39: 29771.38 | D39: 31609.48 | E39: =SUM(B39:D39) -> 87706.38 | F39: 315290.54 | G39: 188126.04 | H39: =+F39/G39 -> 1.6759537
A40: Rendimientos Financieros Subsemun FORTASEG | B40: 3997.96 | C40: 16283.18 | D40: 17126 | E40: =SUM(B40:D40) -> 37407.14 | F40: 94909.52 | G40: 67480.98 | H40: =+F40/G40 -> 1.4064633
A41: Rendimientos Financieros FORTALECE | B41: 3791.28 | C41: 2721.2 | D41: 1428.68 | E41: =SUM(B41:D41) -> 7941.16 | F41: 30265.56 | G41: 0 | H41: 0
A42: Rendimientos Financieros FONDO MINERO 2016 | B42: 522.55 | C42: 935.56 | D42: 143.76 | E42: =SUM(B42:D42) -> 1601.87 | F42: 2222.5 | G42: 0 | H42: 0
A43: Rendimientos Financieros FONDO METROPOLITANO 2015 | B43: 65.22 | C43: 69.89 | D43: 72.24 | E43: =SUM(B43:D43) -> 207.35 | F43: 207.35 | G43: 0 | H43: 0
A44: TOTAL PRODUCTOS DE TIPO CORRIENTE | B44: =SUM(B36:B43) -> 469813.27 | C44: =SUM(C36:C43) -> 467188.62 | D44: =SUM(D36:D43) -> 334291.3 | E44: =SUM(E36:E43) -> 1271293.2 | F44: 8896107.6 | G44: =SUM(G36:G43) -> 6892479.4 | H44: =F44/G44 -> 1.2906977
A45: Multas Federales no Fiscales | B45: 1081205.6 | C45: 6062.32 | D45: 69370.56 | E45: =SUM(B45:D45) -> 1156638.5 | F45: 1666286.1 | G45: 1164854.7 | H45: =+F45/G45 -> 1.430467
A46: Indemnizaciones | B46: 9750 | C46: 160340.56 | D46: 149833.81 | E46: =SUM(B46:D46) -> 319924.37 | F46: 775006.54 | G46: 0 | H46: 0
A47: Aprovechamientos provenientes de Obras Públicas | B47: 172615.31 | C47: 361254.37 | D47: 345768.97 | E47: =SUM(B47:D47) -> 879638.65 | F47: 5635258.6 | G47: 3498384 | H47: =+F47/G47 -> 1.6108176
A48: Otros Aprovechamientos | B48: 536.86 | C48: 15029.54 | D48: 1702656.1 | E48: =SUM(B48:D48) -> 1718222.5 | F48: 1721604.3 | G48: 0 | H48: 0
A49: TOTAL APROVECHAMIENTOS | B49: =SUM(B45:B48) -> 1264107.8 | C49: =SUM(C45:C48) -> 542686.79 | D49: =SUM(D45:D48) -> 2267629.5 | E49: =SUM(E45:E48) -> 4074424 | F49: 9798155.7 | G49: =SUM(G45:G48) -> 4663238.7 | H49: =F49/G49 -> 2.1011482
A50: Enajenación de Bienes Muebles | B50: 171500 | C50: 0 | D50: 0 | E50: =SUM(B50:D50) -> 171500 | F50: 4300252.9 | G50: 642978.98 | H50: =+F50/G50 -> 6.6880147
A51: Enajenación de Bienes Inmuebles | B51: 65784 | C51: 12166.84 | D51: 10311.24 | E51: =SUM(B51:D51) -> 88262.08 | F51: 7241667 | G51: 6876999.1 | H51: =+F51/G51 -> 1.0530272
A52: VENTA DE BIENES Y SERVICIOS | B52: =SUM(B50:B51) -> 237284 | C52: =SUM(C50:C51) -> 12166.84 | D52: =SUM(D50:D51) -> 10311.24 | E52: =SUM(E50:E51) -> 259762.08 | F52: 11541920 | G52: =SUM(G50:G51) -> 7519978.1 | H52: =F52/G52 -> 1.5348342
A53: TOTAL DE INGRESOS PROPIOS | B53: =B14+B18+B35+B44+B49+B52 -> 57547026 | C53: =C14+C18+C35+C44+C49+C52 -> 56052695 | D53: =D14+D18+D35+D44+D49+D52 -> 1.0018648e+08 | E53: =E14+E18+E35+E44+E49+E52 -> 2.137862e+08 | F53: 1.3079541e+09 | G53: =G14+G18+G35+G44+G49+G52 -> 1.0212821e+09 | H53: =F53/G53 -> 1.2806982
A54: Fondo General | B54: =47117855.46-8423612.4 -> 38694243 | C54: 43892004 | D54: 46892682 | E54: =SUM(B54:D54) -> 1.2947893e+08 | F54: 5.7306111e+08 | G54: 5.38538e+08 | H54: =+F54/G54 -> 1.0641052
A55: Fondo de Fiscalización | B55: =2077572.99+2259591.07 -> 4337164.1 | C55: 2077573 | D55: 2077573 | E55: =SUM(B55:D55) -> 8492310 | F55: 33384744 | G55: 28809900 | H55: =+F55/G55 -> 1.1587942
A56: Impuesto Sobre Tenencia o Uso de Vehículos | B56: 9116.96 | C56: 796.19 | D56: 3335.02 | E56: =SUM(B56:D56) -> 13248.17 | F56: 122570.37 | G56: 37660 | H56: =+F56/G56 -> 3.2546567
A57: Fondo de Fomento Municipal | B57: =10052050.91-2969264.85 -> 7082786.1 | C57: 8924019.2 | D57: 9712820.4 | E57: =SUM(B57:D57) -> 25719626 | F57: 1.2503617e+08 | G57: 1.101555e+08 | H57: =+F57/G57 -> 1.1350879
A58: Impuestos Estatales | B58: 9051969.8 | C58: 10743866 | D58: 9472699.2 | E58: =SUM(B58:D58) -> 29268535 | F58: 1.160597e+08 | G58: 1.0072276e+08 | H58: =+F58/G58 -> 1.1522689
A59: Impuesto Especial S/Producción y Servicios | B59: =1551005.97+145882.56 -> 1696888.5 | C59: 1167979.9 | D59: 1294161.1 | E59: =SUM(B59:D59) -> 4159029.5 | F59: 14392944 | G59: 15440600 | H59: =+F59/G59 -> 0.93214928
A60: IEPS de Gasolina y Diesel | B60: =867108.79+2585043.57+7080.83+21109.53 -> 3480342.7 | C60: 3313265.4 | D60: =839623.51+2503103.87+1386.52+4133.52 -> 3348247.4 | E60: =SUM(B60:D60) -> 10141856 | F60: 40093557 | G60: 38232867 | H60: =+F60/G60 -> 1.0486673
A61: Impuestos Sobre Automóviles Nuevos | B61: 1084024 | C61: 1193422.7 | D61: 1188520.3 | E61: =SUM(B61:D61) -> 3465967 | F61: 13487350 | G61: 10544800 | H61: =+F61/G61 -> 1.2790522
A62: Reintegro de Intereses | B62: 0 | C62: 0 | D62: 0 | E62: =SUM(B62:D62) -> 0 | F62: 1228048.8 | G62: 0 | H62: 0
A63: TOTAL PARTICIPACIONES | B63: =SUM(B54:B62) -> 65436535 | C63: =SUM(C54:C62) -> 71312926 | D63: =SUM(D54:D62) -> 73990039 | E63: =SUM(E54:E62) -> 2.107395e+08 | F63: 9.1686619e+08 | G63: =SUM(G54:G62) -> 8.4248209e+08 | H63: =F63/G63 -> 1.0882916
A64: Fondo de Aport. Para el Fortalecimiento de los Municipios | B64: 37838046 | C64: 37838166 | D64: 37984636 | E64: =SUM(B64:D64) -> 1.1366085e+08 | F64: 4.543772e+08 | G64: 4.5486583e+08 | H64: =F64/G64 -> 0.99892577
A65: Fondo de Aportaciones para la Infraestructura Social Municipal | B65: 7429778.6 | C65: 0 | D65: 0 | E65: =SUM(B65:D65) -> 7429778.6 | F65: 74297790 | G65: 74392173 | H65: =F65/G65 -> 0.99873127
A66: Subsidio de Seguridad Municipal | B66: 0 | C66: 0 | D66: 0 | E66: =SUM(B66:D66) -> 0 | F66: 663525 | G66: 0 | H66: 0
A67: Secretaría de Economía | E67: =SUM(B67:D67) -> 0 | F67: 0
A68: ISR Participable | B68: 485711 | C68: 415517 | D68: 11180241 | E68: =SUM(B68:D68) -> 12081469 | F68: 23488348 | G68: 0 | H68: 0
A69: Gobierno del Estado (FISM) | E69: =SUM(B69:D69) -> 0 | F69: 0 | G69: 0 | H69: 0
A70: Gobierno del Estado (FAFM) | E70: =SUM(B70:D70) -> 0 | F70: 0 | G70: 0 | H70: 0
A71: Gobierno del Estado (PIEM) | E71: =SUM(B71:D71) -> 0 | F71: 0 | G71: 0 | H71: 0
A72: Federal Por Convenios | E72: =SUM(B72:D72) -> 0 | F72: 0 | G72: 0 | H72: 0
A73: Gobierno del Estado ( CE00 ) | E73: =SUM(B73:D73) -> 0 | F73: 0 | G73: 0 | H73: 0
A74: FORTASEG | B74: 0 | C74: 25531647 | D74: 2164 | E74: =SUM(B74:D74) -> 25533811 | F74: 51097076 | G74: 0 | H74: 0
A75: FORTALECE 2016 | B75: 0 | C75: 0 | D75: 0 | E75: =SUM(B75:D75) -> 0 | F75: 28695579 | G75: 0 | H75: 0
A76: Programa de Ampliación y/o Mejoramiento de la Vivienda Federal | B76: 0 | C76: 2171.15 | D76: 436.98 | E76: =SUM(B76:D76) -> 2608.13 | F76: 5762014.4 | G76: 0 | H76: 0
A77: Programa de Ampliación y/o Mejoramiento de la Vivienda | B77: 0 | C77: 3716396.7 | D77: 1137283.7 | E77: =SUM(B77:D77) -> 4853680.4 | F77: 4853680.4 | G77: 0 | H77: 0
A78: PROG INF ESP PUBLICOS 2016 MUNICIPAL | B78: 0 | C78: 3747697.5 | D78: 667.8 | E78: =SUM(B78:D78) -> 3748365.3 | F78: 3748365.3 | G78: 0 | H78: 0
A79: PROG INF ESP PUBLICOS 2016 FEDERAL | B79: 451.9 | C79: 1874171.6 | D79: 560.77 | E79: =SUM(B79:D79) -> 1875184.3 | F79: 3749427.5 | G79: 0 | H79: 0
A80: HABITAT 2016 FEDEARL | B80: 0 | C80: 0 | D80: 1179202 | E80: =SUM(B80:D80) -> 1179202 | F80: 1179202 | G80: 0 | H80: 0
A81: HABITAT 2016 MUNICIPAL | B81: 0 | C81: 7507655 | D81: 774936 | E81: =SUM(B81:D81) -> 8282591 | F81: 8282591 | G81: 0 | H81: 0
A82: FONDO MINERO 15 (EJER 16) | B82: 0 | C82: 3155415 | D82: 0 | E82: =SUM(B82:D82) -> 3155415 | F82: 4507736.1 | G82: 0 | H82: 0
A83: PROGRAMAS REGIONALES 2016 | B83: 600084 | C83: 450220.52 | D83: 450211.02 | E83: =SUM(B83:D83) -> 1500515.5 | F83: 1500515.5 | G83: 0 | H83: 0
A84: FONDO METROPOLITANO 2015 (0443680160) | D84: 299468.3 | E84: =SUM(B84:D84) -> 299468.3 | F84: 299468.3 | G84: 0 | H84: 0
A85: Reintegros | B85: 6121.55 | C85: 0 | D85: 0 | E85: =SUM(B85:D85) -> 6121.55 | F85: 3913609 | G85: 0 | H85: 0
A86: Reintegros ( FISM 2012 ) | B86: 0 | C86: 0 | D86: 0 | F86: 0 | G86: 0 | H86: 0
A87: TOTAL APORTACIONES | B87: =SUM(B64:B86) -> 46360193 | C87: =SUM(C64:C86) -> 84239057 | D87: =SUM(D64:D86) -> 53009808 | E87: =SUM(E64:E86) -> 1.8360906e+08 | F87: 6.7041613e+08 | G87: =+G64+G65 -> 5.2925801e+08 | H87: =F87/G87 -> 1.2667095
A88: Extraordinario
A89: Empréstitos | C89: 0 | D89: 0 | F89: 0 | G89: 0 | H89: 0
A90: TOTAL EXTRAORDINARIOS | C90: 0 | D90: 0 | F90: 0 | G90: =+G89 -> 0 | H90: 0
A91: TOTAL PARTICIPACIONES Y APORTACIONES | B91: =B63+B87 -> 1.1179673e+08 | C91: =C63+C87 -> 1.5555198e+08 | D91: =D63+D87 -> 1.2699985e+08 | E91: =E63+E87 -> 3.9434856e+08 | F91: 1.5872823e+09 | G91: =G63+G87 -> 1.3717401e+09 | H91: =F91/G91*100 -> 115.71305
A92: INGRESOS TOTALES | B92: =B53+B91 -> 1.6934375e+08 | C92: =C53+C91 -> 2.1160468e+08 | D92: =D53+D91 -> 2.2718632e+08 | E92: =E53+E91 -> 6.0813476e+08 | F92: 2.8952364e+09 | G92: =G53+G91 -> 2.3930222e+09 | H92: =F92/G92 -> 1.2098661
A98: PRESIDENTE MUNICIPAL
A104: LIC. MARCO ADÁN QUEZADA MARTÍNEZ

Sheet trimestral
A2: MUNICIPIO DE CHIHUAHUA
A3: TESORERIA
A4: ANALISIS DE EVOLUCION DEL INGRESO 2016
A5: AL 31 DE DICIEMBRE DE 2016
B7: OCTUBRE | C7: NOVIEMBRE | D7: DICIEMBRE | E7: TOTAL TRIMESTRAL
A8: IMPUESTOS Y CONTRIBUCIONES | B8: =+'Analisis de evolucion del ingre'!B14 -> 28432840 | C8: =+'Analisis de evolucion del ingre'!C14 -> 33138140 | D8: =+'Analisis de evolucion del ingre'!D14 -> 73721224 | E8: =SUM(B8:D8) -> 1.352922e+08
A9: CONTRIBUCIONES DE MEJORAS | B9: =+'Analisis de evolucion del ingre'!B18 -> 1117649.7 | C9: =+'Analisis de evolucion del ingre'!C18 -> 1376625 | D9: =+'Analisis de evolucion del ingre'!D18 -> 3015597 | E9: =SUM(B9:D9) -> 5509871.6
A10: DERECHOS | B10: =+'Analisis de evolucion del ingre'!B35 -> 26025331 | C10: =+'Analisis de evolucion del ingre'!C35 -> 20515888 | D10: =+'Analisis de evolucion del ingre'!D35 -> 20837423 | E10: =SUM(B10:D10) -> 67378643
A11: PRODUCTOS DE TIPO CORRIENTE | B11: =+'Analisis de evolucion del ingre'!B44 -> 469813.27 | C11: =+'Analisis de evolucion del ingre'!C44 -> 467188.62 | D11: =+'Analisis de evolucion del ingre'!D44 -> 334291.3 | E11: =SUM(B11:D11) -> 1271293.2
A12: APROVECHAMIENTOS | B12: =+'Analisis de evolucion del ingre'!B49 -> 1264107.8 | C12: =+'Analisis de evolucion del ingre'!C49 -> 542686.79 | D12: =+'Analisis de evolucion del ingre'!D49 -> 2267629.5 | E12: =SUM(B12:D12) -> 4074424
A13: VENTA DE BIENES Y SERVICIOS | B13: =+'Analisis de evolucion del ingre'!B52 -> 237284 | C13: =+'Analisis de evolucion del ingre'!C52 -> 12166.84 | D13: =+'Analisis de evolucion del ingre'!D52 -> 10311.24 | E13: =SUM(B13:D13) -> 259762.08
A14: PARTICIPACIONES | B14: =+'Analisis de evolucion del ingre'!B63 -> 65436535 | C14: =+'Analisis de evolucion del ingre'!C63 -> 71312926 | D14: =+'Analisis de evolucion del ingre'!D63 -> 73990039 | E14: =SUM(B14:D14) -> 2.107395e+08
A15: APORTACIONES | B15: =+'Analisis de evolucion del ingre'!B87 -> 46360193 | C15: =+'Analisis de evolucion del ingre'!C87 -> 84239057 | D15: =+'Analisis de evolucion del ingre'!D87 -> 53009808 | E15: =SUM(B15:D15) -> 1.8360906e+08
A16: INGRESOS TOTALES | B16: =SUM(B8:B15) -> 1.6934375e+08 | C16: =SUM(C8:C15) -> 2.1160468e+08 | D16: =SUM(D8:D15) -> 2.2718632e+08 | E16: =SUM(B16:D16) -> 6.0813476e+08
A22: PRESIDENTE MUNICIPAL
A28: LIC. MARCO ADÁN QUEZADA MARTÍNEZ
